Map: Acid Plant LE

Players

modify

  • Race: Zerg Zerg
  • League: Platinum
  • Spawn Location: 11:00

axu - Winner!

  • Race: Protoss Protoss
  • League: Platinum
  • Spawn Location: 5:00

VOD

Have the link to the VOD?

Description

Time

  • Played on: April 3, 2018, 11:42 a.m.
  • Length: 16:03
Show
View Real Time Build Order
Export as new Build Order

modify Zerg 

Build Orders: Hatch First, Lurkers 

Get SALT Encoding   

  12  0:01  Drone  
  13  0:10  Drone  
  14  0:17  Overlord  
  14  0:35  Drone  
  14  0:36  Drone  
  16  0:49  Hatchery  
  15  0:52  Drone  
  16  1:07  Spawning Pool  
  16  1:10  Drone  
  16  1:14  Drone  
  17  1:18  Extractor  
  17  1:20  Drone  
  17  1:27  Drone  
  18  1:39  Drone  
  19  1:43  Drone  
  20  1:55  Drone  
  20  2:00  Queen x2  
  25  2:04  Overlord  
  25  2:10  Drone  
  25  2:12  Drone  
  27  2:16  Drone  
  28  2:23  Metabolic Boost  
  28  2:25  Drone  
  28  2:26  Drone  
  30  2:33  Drone  
  31  2:41  Queen  
  31  2:42  Drone  
  34  2:44  Drone  
  35  2:52  Drone, Spine Crawler  
  35  2:58  Drone, Spine Crawler  
  35  3:02  Drone  
  36  3:08  Overlord  
  36  3:26  Overlord x2  
  36  3:28  Drone x5  
  41  3:35  Extractor  
  41  3:36  Lair  
  41  3:37  Drone  
  41  3:40  Drone  
  42  3:47  Drone  
  43  3:49  Drone  
  43  3:54  Drone  
  45  3:57  Evolution Chamber  
  45  4:01  Spore Crawler  
  43  4:04  Spore Crawler, Drone  
  43  4:06  Drone  
  45  4:10  Zergling x8  
  48  4:23  Zergling x8  
  48  4:24  Zergling x2  
  53  4:30  Spine Crawler  
  52  4:44  Zerg Ground Armor Level 1  
  52  4:53  Hydralisk Den  
  52  4:55  Drone  
  52  4:56  Overlord  
  52  4:57  Overlord  
  52  5:02  Drone x4  
  52  5:06  Extractor  
  55  5:16  Hatchery  
  54  5:23  Drone  
  54  5:24  Drone  
  54  5:27  Zergling x6  
  54  5:28  Zergling x10  
  64  5:41  Muscular Augments, Hydralisk  
  64  5:42  Hydralisk  
  62  6:04  Hydralisk x3  
  62  6:05  Hydralisk x2, Zergling x6  
  75  6:29  Overlord x4  
  75  6:33  Queen  
  75  6:34  Drone  
  75  6:35  Drone x2  
  80  6:41  Zerg Missile Weapons Level 1  
  80  6:53  Grooved Spines  
  80  6:58  Drone x2  
  80  6:59  Drone x4  
  75  7:09  Hydralisk, Zergling x12  
  83  7:19  Hydralisk  
  83  7:20  Zergling x4  
  87  7:26  Spine Crawler  
  87  7:27  Spine Crawler  
  85  7:30  Hydralisk  
  85  7:31  Hydralisk, Zergling x8  
  93  7:40  Evolution Chamber  
  93  7:41  Infestation Pit  
  93  7:43  Hydralisk x5  
  101  8:03  Overseer  
  101  8:04  Overseer x2  
  101  8:10  Drone  
  101  8:12  Lurker Den  
  101  8:15  Zerg Ground Armor Level 2  
  87  8:37  Hydralisk x3  
  87  8:38  Hydralisk, Zergling x10  
  87  8:39  Zergling x14  
  87  8:40  Zergling x10  
  97  9:03  Hydralisk x3  
  97  9:04  Hydralisk, Zergling x10  
  97  9:05  Zergling x4  
  112  9:21  Hydralisk, Extractor  
  112  9:22  Zergling x2  
  112  9:24  Overlord x6  
  114  9:36  Extractor  
  113  9:49  Lurker x2  
  113  9:50  Lurker  
  116  9:54  Lurker  
  117  10:01  Hydralisk, Zergling x6  
  117  10:02  Zergling x14  
  117  10:03  Zergling x10  
  134  10:13  Drone x2  
  134  10:14  Drone  
  86  11:16  Hydralisk x3  
  86  11:17  Hydralisk x7, Zergling x8  
  86  11:18  Hydralisk x3  
  107  11:35  Hatchery  
  107  11:36  Hatchery  
  105  11:40  Hive  
  105  11:46  Drone x4  
  109  11:48  Drone x2  
  109  11:49  Drone  
  112  11:54  Extractor  
  111  12:04  Lurker  
  111  12:05  Lurker x4  
  74  12:45  Hydralisk x3  
  74  12:46  Hydralisk x7, Zergling x8  
  74  12:47  Zergling x6  
  87  12:53  Drone x3, Zergling x2  
  68  13:16  Lurker x7  
  68  13:19  Hydralisk x2  
  77  13:20  Zergling x14  
  77  13:23  Queen  
  85  13:30  Spine Crawler  
  85  13:31  Spine Crawler  
  85  13:32  Spine Crawler  
  82  13:34  Zerg Melee Weapons Level 1  
  81  13:52  Hydralisk x4  
  81  13:53  Hydralisk  
  81  13:54  Zergling x8  
  81  13:55  Zergling x4  
  95  13:59  Queen  
  97  14:11  Drone x4  
  97  14:12  Drone x2  
  97  14:16  Extractor  
  102  14:21  Queen  
  104  14:24  Drone  
  75  14:47  Hydralisk x3, Zergling x6  
  75  14:48  Zergling x4  
Show
View Real Time Build Order
Export as new Build Order

axu Protoss - Winner!

Build Orders: 1 Gate Expand 

Get SALT Encoding   

  12  0:01  Probe  
  13  0:14  Probe  
  14  0:24  Pylon  
  14  0:26  Probe  
  15  0:42  Probe  
  16  0:44  Gateway  
  16  0:53  Assimilator  
  16  0:54  Probe  
  17  1:06  Probe (Chrono Boost)  
  18  1:17  Probe (Chrono Boost)  
  19  1:21  Probe (Chrono Boost)  
  20  1:35  Nexus  
  20  1:52  Cybernetics Core  
  20  1:58  Probe (Chrono Boost)  
  20  2:00  Assimilator  
  21  2:03  Pylon  
  21  2:10  Probe (Chrono Boost)  
  22  2:15  Probe (Chrono Boost)  
  23  2:24  Probe  
  23  2:29  Twilight Council  
  24  2:31  Warp Gate  
  24  2:36  Probe  
  25  2:46  Adept  
  25  2:47  Gateway  
  25  2:49  Probe  
  25  2:50  Probe  
  29  3:01  Probe  
  29  3:02  Probe  
  29  3:05  Pylon  
  31  3:13  Probe  
  31  3:14  Probe  
  33  3:21  Resonating Glaives (Chrono Boost)  
  33  3:23  Pylon  
  33  3:25  Probe  
  33  3:26  Probe  
  35  3:37  Probe  
  35  3:38  Probe  
  37  3:49  Probe  
  37  3:51  Probe  
  37  3:53  Pylon  
  39  3:55  Assimilator  
  39  4:00  Gateway  
  39  4:01  Gateway, Probe  
  40  4:03  Gateway, Probe  
  40  4:08  Gateway  
  41  4:13  Probe  
  41  4:15  Gateway, Probe  
  43  4:25  Assimilator, Probe  
  43  4:27  Probe  
  43  4:30  Pylon  
  45  4:37  Probe  
  45  4:39  Probe  
  46  4:50  Probe  
  46  4:51  Probe  
  48  5:03  Probe  
  49  5:08  Robotics Facility  
  49  5:12  Templar Archives  
  49  5:15  Adept x2  
  53  5:25  Adept x4  
  61  5:38  Probe x2  
  63  5:50  Adept x3, Probe  
  70  6:11  Nexus  
  70  6:23  Pylon  
  70  6:25  Pylon  
  70  6:30  Pylon  
  70  6:31  Pylon  
  70  6:32  Psionic Storm  
  70  6:34  Pylon  
  70  6:41  Immortal, Probe x2  
  70  6:42  Gateway  
  70  6:43  Gateway  
  70  6:45  Gateway  
  76  6:50  Forge x2  
  76  6:53  Adept, Probe x2  
  76  6:54  Adept x3  
  82  6:57  Sentry x2  
  90  7:03  Shield Battery  
  90  7:06  Shield Battery  
  88  7:20  Observer  
  89  7:23  Assimilator  
  89  7:29  Assimilator, Probe x3  
  92  7:37  High Templar  
  92  7:38  High Templar x5  
  92  7:41  Probe x3  
  107  7:45  Immortal  
  111  7:53  Probe x3  
  114  8:01  Protoss Ground Weapons Level 1 (Chrono Boost)  
  115  8:05  Probe x3  
  115  8:08  Charge  
  115  8:11  Zealot x3  
  115  8:12  Zealot  
  125  8:13  Protoss Ground Armor Level 1 (Chrono Boost)  
  125  8:23  Pylon  
  125  8:25  Pylon  
  125  8:26  Pylon x2  
  125  8:27  Pylon  
  125  8:30  Pylon  
  117  8:55  Adept x3  
  115  8:56  Adept x2  
  115  8:57  Adept x3  
  115  9:02  Immortal (Chrono Boost)  
  133  9:18  Robotics Facility  
  133  9:19  Stargate  
  133  9:25  Probe x2  
  135  9:34  Immortal (Chrono Boost)  
  139  9:40  Nexus, Photon Cannon  
  139  9:41  Photon Cannon  
  139  9:43  Pylon  
  139  9:45  Pylon  
  139  9:47  Photon Cannon  
  139  9:49  Photon Cannon x2  
  139  9:51  Gateway  
  139  9:52  Gateway  
  139  9:58  Gateway  
  139  10:05  Protoss Ground Armor Level 2 (Chrono Boost), Protoss Ground Weapons Level 2 (Chrono Boost)  
  139  10:10  Immortal (Chrono Boost)  
  143  10:22  Assimilator  
  143  10:27  Fleet Beacon, Assimilator  
  147  10:40  Immortal (Chrono Boost)  
  148  10:42  Observer (Chrono Boost)  
  146  10:56  Observer (Chrono Boost)  
  146  11:00  Shield Battery  
  146  11:02  Shield Battery  
  145  11:04  Shield Battery  
  145  11:06  Photon Cannon  
  145  11:07  Photon Cannon  
  145  11:10  Photon Cannon x2  
  117  11:12  Observer  
  112  11:22  High Templar x5  
  112  11:23  High Templar x4  
  130  11:27  Archon x3  
  130  11:28  Archon  
  130  11:48  Immortal x2  
  130  11:53  Zealot  
  130  11:54  Zealot x5  
  142  11:55  Zealot x3  
  156  12:21  Zealot x4  
  164  12:22  High Templar  
  164  12:23  High Templar x4  
  164  12:27  Warp Prism x2  
  148  13:03  Immortal x2  
  154  13:24  Protoss Ground Weapons Level 3, Protoss Ground Armor Level 3  
  154  13:28  Graviton Catapult  
  154  13:34  Stargate  
  154  13:38  Stargate  
  154  13:41  Stargate  
  153  13:57  Immortal x2  
  153  13:58  Zealot x3  
  153  13:59  Zealot x4  
  153  14:00  Zealot  
  175  14:20  Zealot x5  
  175  14:21  Zealot x4  
  155  14:44  Zealot  
  155  14:45  Zealot x4  
  153  14:46  Zealot  
  153  14:47  Zealot x3  
Tags
 
Add a new tag
Caveats
  • Supply blocks, unpowered buildings, or Contaminate may cause inaccurate times.
  • Supply counts are checked every 10 seconds.